 Dungeon Crawl Stone Soup version 0.28.0-47-ge53b351184 (webtiles) character file.

Game seed: 2097222947027131482

56602 101zpm the Thaumaturge (level 14, -11/108 HPs)
             Began as a Gnoll Air Elementalist on Apr 25, 2022.
             Was a High Priest of Sif Muna.
             Killed from afar by Jorgrun (49 damage)
             ... with an iron shot
             ... on level 13 of the Dungeon.
             The game lasted 01:36:01 (26474 turns).

101zpm the Thaumaturge (Gnoll Air Elementalist)    Turns: 26474, Time: 01:36:02

Health: -11/108    AC:  7    Str: 11    XL:     14   Next: 82%
Magic:  5/28       EV: 23    Int: 24    God:    Sif Muna [*****.]
Gold:   1271       SH:  0    Dex: 20    Spells: 15/34 levels left

rFire   . . .      SeeInvis .   W - +10 hand axe of the Endless Hosts {freeze, rPois Str+2 Dex+3}
rCold   . . .      Faith    .   (no shield)
rNeg    . . .      Spirit   .   D - +2 robe "Larev" {Will+ Dex+4}
rPois   +          Reflect  .   (no helmet)
rElec   .          Harm     .   (no cloak)
rCorr   .          Rampage  .   r - +0 pair of gloves
Will    ++...                   F - +0 pair of boots
Stlth   +++++.....              A - amulet of magic regeneration
HPRegen 0.28/turn               J - +6 ring of intelligence
MPRegen 0.61/turn               q - +4 ring of evasion

@: no status effects
A: fangs 1, strong nose, distributed training
a: Renounce Religion, Channel Magic, Forget Spell, Divine Exegesis


You were on level 13 of the Dungeon.
You worshipped Sif Muna.
Sif Muna was extremely pleased with you.
You visited 3 branches of the dungeon, and saw 21 of its levels.

You collected 1413 gold pieces.
You spent 142 gold pieces at shops.

Inventory:

Hand Weapons
 y - the +8 hand axe "Jiotaec" {vorpal, Int+4 SInv}
   (You found it on level 11 of the Dungeon)

   It inflicts extra damage upon your enemies.
   Int:       It affects your intelligence (+4).
   SInv:      It lets you see invisible.
 W - the +10 hand axe of the Endless Hosts (weapon) {freeze, rPois Str+2 Dex+3}
   (You found it on level 11 of the Dungeon)

   It freezes those it strikes, dealing additional cold damage.
   It can also slow down cold-blooded creatures.
   Str:       It affects your strength (+2).
   Dex:       It affects your dexterity (+3).
   rPois:     It protects you from poison.
Armour
 n - a +2 robe of positive energy
 o - a +2 robe of fire resistance
 r - a +0 pair of gloves (worn)
 D - the +2 robe "Larev" (worn) {Will+ Dex+4}
   (You bought it in a shop on level 7 of the Dungeon)

   Dex:       It affects your dexterity (+4).
   Will:      It increases your willpower.
 F - a +0 pair of boots (worn)
Magical Staves
 a - a staff of fire
 w - a staff of conjuration
Jewellery
 k - an amulet of the acrobat
 p - a ring of positive energy
 q - a +4 ring of evasion (right hand)
 A - an amulet of magic regeneration (around neck)
 J - a +6 ring of intelligence (left hand)
 L - a +4 ring of evasion
 X - a +6 ring of strength
Wands
 d - a wand of charming (6)
 H - a wand of digging (1)
 I - a wand of flame (21)
 K - a wand of iceblast (20)
 O - a wand of paralysis (5)
 P - a wand of polymorph (9)
 S - a wand of acid (12)
Scrolls
 c - 9 scrolls of teleportation
 f - a scroll of identify
 g - a scroll of holy word {unknown}
 i - a scroll of magic mapping
 m - 2 scrolls of amnesia
 u - a scroll of enchant weapon {unknown}
 C - a scroll of brand weapon
 E - 4 scrolls of fog
 G - a scroll of enchant armour {unknown}
 M - 3 scrolls of vulnerability {unknown}
 Z - a scroll of summoning {unknown}
Potions
 b - 7 potions of flight
 e - a potion of invisibility {unknown}
 h - 2 potions of brilliance {unknown}
 l - 4 potions of attraction {unknown}
 t - 6 potions of curing
 x - 5 potions of berserk rage {unknown}
 z - 5 potions of haste {unknown}
 B - 2 potions of degeneration {unknown}
 N - 2 potions of lignification {unknown}
 Q - a potion of magic {unknown}
 R - a potion of resistance {unknown}
 T - 2 potions of ambrosia {unknown}
 U - 2 potions of heal wounds {unknown}
 Y - a potion of might {unknown}


   Skills:
 + Level 9.5 Fighting
 + Level 9.5 Short Blades
 + Level 9.5 Long Blades
 + Level 9.5 Axes
 + Level 9.5 Maces & Flails
 + Level 9.5 Polearms
 + Level 9.5 Staves
 + Level 9.5 Slings
 + Level 9.5 Bows
 + Level 9.5 Crossbows
 + Level 9.5 Throwing
 + Level 9.5 Armour
 + Level 10.6 Dodging
 + Level 10.4 Stealth
 + Level 9.5 Shields
 + Level 9.5 Unarmed Combat
 + Level 10.8 Spellcasting
 + Level 8.3 Conjurations
 + Level 8.0 Hexes
 + Level 8.0 Summonings
 + Level 8.0 Necromancy
 + Level 8.0 Translocations
 + Level 8.0 Transmutations
 + Level 8.0 Fire Magic
 + Level 8.0 Ice Magic
 + Level 9.7 Air Magic
 + Level 8.0 Earth Magic
 + Level 8.0 Poison Magic
 + Level 10.4 Invocations
 + Level 9.5 Evocations


You had 15 spell levels left.
You knew the following spells:

 Your Spells              Type           Power      Damage    Failure   Level
a - Shock                 Conj/Air       100%       1d9       1%          1
b - Frozen Ramparts       Ice            100%       1d12      1%          3
c - Static Discharge      Conj/Air       54%        N/A       1%          2
d - Airstrike             Air            28%        N/A       1%          4
e - Searing Ray           Conj           100%       2d8       1%          2
f - Hailstorm             Conj/Ice       51%        3d11      1%          4
g - Mephitic Cloud        Conj/Pois/Air  53%        N/A       1%          3

Your spell library contained the following spells:

 Spells                   Type           Power      Damage    Failure   Level
 Freeze                   Ice            100%       1d11      1%          1
 Magic Dart               Conj           100%       1d8       1%          1
 Blink                    Tloc           100%       N/A       1%          2
 Dazzling Flash           Conj/Hex       100%       N/A       1%          3
 Gell's Gravitas          Tloc           51%        N/A       1%          3
 Ignite Poison            Fire/Tmut/Pois 51%        N/A       1%          3
 Lesser Beckoning         Tloc           51%        N/A       1%          3
 Swiftness                Air            56%        N/A       1%          3
 Teleport Other           Tloc           51%        N/A       1%          3
 Dispel Undead            Necr           51%        3d19      1%          4
 Fulminant Prism          Conj/Hex       25%        3d14      1%          4
 Iskenderun's Mystic Bla  Conj/Tloc      51%        2d11      1%          4
 Sticky Flame             Conj/Fire      51%        2d7       1%          4
 Freezing Cloud           Conj/Ice/Air   26%        6-21      3%          5
 Manifold Assault         Tloc           51%        N/A       4%          5
 Summon Forest            Summ/Tloc      25%        N/A       4%          5
 Summon Mana Viper        Hex/Summ       51%        N/A       4%          5
 Starburst                Conj/Fire      25%        6d8       26%         6
 Summon Cactus Giant      Summ           25%        N/A       28%         6
 Haunt                    Necr/Summ      25%        N/A       83%         7
 Borgnjor's Revivificati  Necr           25%        N/A       100%        8
 Chain Lightning          Conj/Air       27%        3d36      100%        9


Dungeon Overview and Level Annotations

Branches:
Dungeon (15/15)            Temple (1/1) D:4            Lair (5/6) D:11
  Swamp (0/4) Lair:4       Spider (0/4) Lair:2        Slime (0/5) Lair:5
 Depths (0/4) D:15
    Orc: D:9-12      Vaults: D:13-14

Altars:
Ashenzari
Cheibriados
Dithmenos
Elyvilon
Fedhas
Gozag
Hepliaklqana
Kikubaaqudgha
Makhleb
Nemelex Xobeh
Okawaru
Qazlal
Ru
Sif Muna
Trog
Uskayaw
Vehumet
Wu Jian
Xom
Yredelemnul
Zin
The Shining One
Jiyva

Shops:
D:7 [   D:8 (   D:12 =

Annotations:
D:2 1 runed translucent door, Crazy Yiuf
D:12 2 runed translucent doors
D:13 Jorgrun
D:14 Agnes


Innate Abilities, Weirdness & Mutations

You have very sharp teeth.
Your uncanny sense of smell can sniff out nearby items.
Your experience applies equally to all skills.


Message History

The air twists around and strikes Jorgrun!
Jorgrun is heavily wounded.
Jorgrun points at you and mumbles some strange words.
The iron shot hits you! The grasping roots constrict you.
You hear a shout!
Casting: Airstrike (mildly dangerous; 1% risk of failure)
Confirm with . or Enter, or press ? or * to list all spells.
Aiming: Airstrike (mildly dangerous; 1% risk of failure)
Press: ? - help, Dir - move target, f/p - Jorgrun
Aim: Jorgrun, wielding a +0 vorpal quarterstaff and wearing a +0 robe (heavily wounded, empty space bonus: 8/8)
The air twists around and strikes Jorgrun!
Jorgrun is severely wounded.
You hear an angry hiss.
Jorgrun points at you and mumbles some strange words.
The iron shot misses you. The grasping roots constrict you!
Casting: Airstrike (mildly dangerous; 1% risk of failure)
Confirm with . or Enter, or press ? or * to list all spells.
Casting: Frozen Ramparts (safe; 1% risk of failure)
Press: ? - help, Dir - look around, f - activate A stone staircase leading down, spattered with blood.
Okay, then.
Casting: Frozen Ramparts (safe; 1% risk of failure)
Confirm with . or Enter, or press ? or * to list all spells.
Aiming: Airstrike (mildly dangerous; 1% risk of failure)
Press: ? - help, Dir - move target, f/p - Jorgrun
Aim: Jorgrun, wielding a +0 vorpal quarterstaff and wearing a +0 robe (severely wounded, empty space bonus: 8/8)
The air twists around and strikes Jorgrun!!
Jorgrun is almost dead.
The centaur warrior shoots an arrow.
The arrow hits you! The grasping roots constrict you.
The centaur warrior shoots an arrow.
The arrow completely misses you.
You can't go up here!
The roots' grasp on you weakens, but your attempt to escape fails.
The centaur warrior shoots an arrow.
The arrow hits you!! The grasping roots constrict you.
You escape the roots' grasp.
The centaur warrior shoots an arrow.
The arrow closely misses you.
The arrow hits Jorgrun!
Jorgrun casts a spell at you. The iron shot hits you!!!
You die...

.. ... ####...
....... ####
..... ..... c..
......##'##'###
.......@.......
.......g.......
...............
...............
...............
...............
...............
...........####


You could see Jorgrun and a centaur warrior.

Vanquished Creatures
  Snorg (Lair:3)
  6 hydras
  5 boulder beetles
  A catoblepas (Lair:4)
  3 centaur warriors
  6 two-headed ogres
  Nergalle (D:11)
  2 necromancers (D:14)
  A deep elf zephyrmancer (D:14)
  Pikel (D:6)
  A deep elf pyromancer (D:12)
  2 cyclopes
  6 ugly things
  4 elephants (Lair:4)
  Maurice (D:9)
  5 black mambas
  A torpor snail (Lair:4)
  3 gargoyles
  12 cane toads
  18 rime drakes
  Maggie (D:6)
  A kobold demonologist (D:9)
  10 komodo dragons
  6 meliai (D:14)
  2 polar bears (Lair:5)
  Grinder (D:6)
  15 blink frogs
  A slime creature (D:12)
  A wolf spider simulacrum (D:14)
  3 trolls
  Prince Ribbit (D:6)
  Sigmund (D:5)
  A vampire (D:12)
  A wraith (D:9)
  44 yaks
  7 wyverns
  A shadow (D:9)
  7 steam dragons
  Eustachio (D:5)
  3 basilisks
  A redback (Lair:2)
  Menkaure (D:6)
  2 acid dragons
  4 vampire mosquitoes (D:11)
  9 water moccasins
  4 black bears
  3 sky beasts
  5 orc warriors
  An ogre (D:5)
  An ice beast (D:7)
  5 wolves (Lair:1)
  11 centaurs
  2 lemures (D:6)
  A phantom (D:5)
  5 kobold brigands
  12 bullfrogs
  3 gnoll sergeants
  A scorpion (D:7)
  A water moccasin skeleton (D:5)
  A killer bee (D:9)
  A wight (D:9)
  A howler monkey (D:9)
  2 electric eels (Lair:5)
  2 bullfrog zombies
  A centaur zombie (D:9)
  4 hounds
  2 jellies
  3 gnoll shamans
  An orc priest (D:8)
  2 centaur skeletons (D:5)
  Jessica (D:3)
  An iguana (D:7)
  3 orc wizards
  A killer bee zombie (D:8)
  A hound skeleton (D:5)
  A howler monkey zombie (D:10)
  14 gnolls
  10 adders
  A shadow imp (D:7)
  An adder skeleton (D:2)
  A worm (D:2)
  2 dart slugs
  12 orcs
  4 bats
  7 endoplasms
  3 giant cockroaches
  4 goblins
  3 hobgoblins
  6 jackals
  23 kobolds
  4 quokkas
  8 ball pythons
  3 frilled lizards
  5 rats
399 creatures vanquished.

Vanquished Creatures (others)
  18 fungi
  28 plants
46 creatures vanquished.

Grand Total: 445 creatures vanquished

Notes
Turn   | Place    | Note
-------+----------+-------------------------------------------
     0 | D:1      | 101zpm the Gnoll Air Elementalist began the quest for the
                  | Orb.
     0 | D:1      | Reached XP level 1. HP: 13/13 MP: 6/6
   114 | D:2      | Found a runed translucent door.
   165 | D:2      | Noticed Crazy Yiuf
   397 | D:2      | Reached XP level 2. HP: 19/19 MP: 3/7
   748 | D:2      | Reached XP level 3. HP: 25/25 MP: 6/9
   900 | D:2      | Reached skill level 5 in Spellcasting
  1101 | D:3      | Reached skill level 1 in Invocations
  1135 | D:3      | Reached skill level 1 in Fighting
  1135 | D:3      | Reached skill level 1 in Short Blades
  1135 | D:3      | Reached skill level 1 in Long Blades
  1135 | D:3      | Reached skill level 1 in Axes
  1135 | D:3      | Reached skill level 1 in Maces & Flails
  1135 | D:3      | Reached skill level 1 in Polearms
  1135 | D:3      | Reached skill level 1 in Staves
  1135 | D:3      | Reached skill level 1 in Slings
  1135 | D:3      | Reached skill level 1 in Bows
  1135 | D:3      | Reached skill level 1 in Crossbows
  1135 | D:3      | Reached skill level 1 in Throwing
  1135 | D:3      | Reached skill level 1 in Armour
  1135 | D:3      | Reached skill level 1 in Shields
  1135 | D:3      | Reached skill level 1 in Unarmed Combat
  1135 | D:3      | Reached skill level 1 in Evocations
  1448 | D:3      | Reached XP level 4. HP: 25/32 MP: 7/11
  1686 | D:3      | Reached skill level 1 in Hexes
  1686 | D:3      | Reached skill level 1 in Summonings
  1686 | D:3      | Reached skill level 1 in Necromancy
  1686 | D:3      | Reached skill level 1 in Translocations
  1686 | D:3      | Reached skill level 1 in Transmutations
  1686 | D:3      | Reached skill level 1 in Fire Magic
  1686 | D:3      | Reached skill level 1 in Ice Magic
  1686 | D:3      | Reached skill level 1 in Earth Magic
  1686 | D:3      | Reached skill level 1 in Poison Magic
  1688 | D:3      | Noticed Jessica
  1692 | D:3      | Reached XP level 5. HP: 37/37 MP: 3/12
  1695 | D:3      | Killed Jessica
  1843 | D:3      | Found a glowing silver altar of Zin.
  2957 | D:1      | Found a faded altar of an unknown god.
  3835 | D:4      | Found a staircase to the Ecumenical Temple.
  3965 | D:4      | Found a stormy altar of Qazlal.
  3965 | D:4      | Noticed a water elemental
  3969 | D:4      | Noticed a fire elemental
  4029 | D:4      | Noticed an air elemental
  4096 | D:4      | Reached XP level 6. HP: 44/44 MP: 7/13
  4436 | D:4      | Found a shadowy altar of Dithmenos.
  4436 | D:4      | Found a burning altar of Makhleb.
  4573 | D:5      | Entered Level 5 of the Dungeon
  4573 | D:5      | Noticed Sigmund
  4721 | D:5      | Reached skill level 5 in Dodging
  4979 | D:5      | Reached XP level 7. HP: 50/50 MP: 11/15
  5089 | D:5      | Noticed Eustachio
  5097 | D:6      | Noticed Grinder
  5155 | D:5      | Killed Eustachio
  5298 | D:5      | Learned a level 3 spell: Frozen Ramparts
  5301 | D:5      | Learned a level 2 spell: Static Discharge
  5306 | D:5      | Learned a level 4 spell: Airstrike
  5309 | D:5      | Learned a level 2 spell: Searing Ray
  5314 | D:5      | Learned a level 4 spell: Hailstorm
  5581 | D:5      | Reached skill level 5 in Stealth
  6049 | D:5      | Reached XP level 8. HP: 53/57 MP: 8/16
  6212 | Temple   | Entered the Ecumenical Temple
  6237 | Temple   | Became a worshipper of Sif Muna the Loreminder
  6385 | D:6      | Noticed Prince Ribbit
  6519 | D:7      | Found Qyluip's Antique Armour Shop.
  6588 | D:7      | Bought a slimy robe for 142 gold pieces
  6588 | D:7      | Identified the +2 robe "Larev" {Will+ Dex+4} (You bought it
                  | in a shop on level 7 of the Dungeon)
  7334 | D:6      | Reached XP level 9. HP: 65/65 MP: 10/18
  7360 | D:6      | Found a blossoming altar of Fedhas.
  7654 | D:6      | Noticed Pikel
  7729 | D:6      | Killed Pikel
  7799 | D:6      | Noticed Menkaure
  7802 | D:6      | Killed Menkaure
  7870 | D:6      | Killed Prince Ribbit
  7871 | D:6      | Reached skill level 5 in Invocations
  7875 | D:6      | Killed Grinder
  8170 | D:6      | Noticed Maggie
  8190 | D:6      | Killed Maggie
  8191 | D:6      | Reached XP level 10. HP: 73/73 MP: 5/20
  8659 | D:8      | Reached * piety under Sif Muna
  8916 | D:8      | Reached skill level 5 in Fighting
  8916 | D:8      | Reached skill level 5 in Short Blades
  8916 | D:8      | Reached skill level 5 in Long Blades
  8916 | D:8      | Reached skill level 5 in Axes
  8916 | D:8      | Reached skill level 5 in Maces & Flails
  8916 | D:8      | Reached skill level 5 in Polearms
  8916 | D:8      | Reached skill level 5 in Staves
  8916 | D:8      | Reached skill level 5 in Slings
  8916 | D:8      | Reached skill level 5 in Bows
  8916 | D:8      | Reached skill level 5 in Crossbows
  8916 | D:8      | Reached skill level 5 in Throwing
  8916 | D:8      | Reached skill level 5 in Armour
  8916 | D:8      | Reached skill level 5 in Shields
  8916 | D:8      | Reached skill level 5 in Unarmed Combat
  8916 | D:8      | Reached skill level 5 in Evocations
  8998 | D:8      | Found Beucoep's Weapon Boutique.
  9136 | D:9      | Found a snail-covered altar of Cheibriados.
  9176 | D:9      | Noticed Maurice
  9185 | D:9      | Killed Maurice
  9497 | D:8      | Reached skill level 5 in Conjurations
  9708 | D:5      | Killed Sigmund
  9866 | D:9      | Noticed a two-headed ogre
  9879 | D:9      | Killed a two-headed ogre
  9933 | D:9      | Found a hide-covered altar of Uskayaw.
 10006 | D:9      | Noticed a six-headed hydra
 10014 | D:9      | Killed a six-headed hydra
 10015 | D:9      | Reached XP level 11. HP: 75/81 MP: 6/22
 10079 | D:9      | Reached ** piety under Sif Muna
 10350 | D:9      | Reached skill level 5 in Hexes
 10350 | D:9      | Reached skill level 5 in Summonings
 10350 | D:9      | Reached skill level 5 in Necromancy
 10350 | D:9      | Reached skill level 5 in Translocations
 10350 | D:9      | Reached skill level 5 in Transmutations
 10350 | D:9      | Reached skill level 5 in Fire Magic
 10350 | D:9      | Reached skill level 5 in Ice Magic
 10350 | D:9      | Reached skill level 5 in Earth Magic
 10350 | D:9      | Reached skill level 5 in Poison Magic
 10440 | D:10     | Entered Level 10 of the Dungeon
 10500 | D:10     | Noticed a two-headed ogre
 10811 | D:9      | Noticed a soul eater
 11674 | D:11     | Noticed a six-headed hydra
 11700 | D:11     | Killed a six-headed hydra
 12159 | D:11     | Noticed a white ugly thing
 12313 | D:11     | Found a staircase to the Lair.
 12353 | Lair:1   | Entered Level 1 of the Lair of Beasts
 12760 | Lair:1   | Noticed a four-headed hydra
 12767 | Lair:1   | Killed a four-headed hydra
 12964 | Lair:1   | Reached XP level 12. HP: 83/89 MP: 17/24
 13094 | Lair:1   | Reached *** piety under Sif Muna
 13739 | Lair:1   | Learned a level 3 spell: Mephitic Cloud
 14332 | D:11     | Noticed a two-headed ogre
 14343 | D:11     | Killed a two-headed ogre
 14424 | D:11     | Noticed a boulder beetle
 14426 | D:11     | Noticed Nergalle
 14430 | D:11     | Killed Nergalle
 14443 | D:11     | Killed a boulder beetle
 15435 | Lair:2   | Found a hole to the Spider Nest.
 16119 | D:11     | Identified the +8 hand axe "Jiotaec" {vorpal, Int+4 SInv}
 16124 | D:11     | Identified the +10 hand axe of the Endless Hosts {freeze,
                  | rPois Str+2 Dex+3}
 16425 | Lair:3   | Noticed a six-headed hydra
 16431 | Lair:3   | Killed a six-headed hydra
 16555 | Lair:3   | Reached XP level 13. HP: 98/98 MP: 5/26
 16706 | Lair:3   | Noticed Snorg
 16719 | Lair:3   | Killed Snorg
 17387 | Lair:3   | Reached **** piety under Sif Muna
 17994 | Lair:3   | HP: 3/98 [steam dragon/ball of steam (14)]
 20090 | Lair:4   | Reached skill level 10 in Spellcasting
 20746 | Lair:4   | Found a staircase to the Swamp.
 21533 | Lair:5   | Reached skill level 10 in Dodging
 21533 | Lair:5   | Reached XP level 14. HP: 106/106 MP: 14/28
 21849 | Lair:5   | Found a staircase to the Slime Pits.
 21849 | Lair:5   | Found a viscous altar of Jiyva.
 21961 | Lair:5   | Reached ***** piety under Sif Muna
 22710 | D:12     | Reached skill level 10 in Stealth
 23038 | D:12     | Found Geekuf's Jewellery Shop.
 23264 | D:12     | Received a gift from Sif Muna
 23294 | D:12     | Got Sif Muna's Volume of Cloudy Black Secrets {god gift}
 23968 | D:12     | Reached skill level 10 in Invocations
 23998 | D:12     | Found a large runed translucent door.
 23999 | D:12     | Found a large runed translucent door.
 24148 | D:12     | You fall into a shaft and drop 3 floors!
 24148 | D:15     | Entered Level 15 of the Dungeon
 24726 | D:14     | Noticed Agnes
 26465 | D:13     | Noticed Jorgrun
 26474 | D:13     | Killed from afar by Jorgrun

Illustrated notes

Levels and vault maps discovered:
D:1:      lightli_arrival_lavapool, layout_loops_ring,
          shapermc_ecumenical_altar_notcrosses
D:2:      layout_loops_ring, uniq_crazy_yiuf_cottage
D:3:      layout_basic, mainiacjoe_overflow_catwalk, minmay_quantized,
          uniq_jessica
D:4:      layout_cave_pools, nicolae_qazlal_style_of_elements,
          gammafunk_temple_overflow_pools, minmay_temple_entry_antechambers,
          minmay_parallelograms
D:5:      layout_rooms, cheibrodos_gnoll_hut, uniq_eustachio, uniq_sigmund
D:6:      layout_loops_cross, fedhas_altar_2, uniq_grinder, uniq_maggie,
          uniq_pikel, uniq_menkaure, uniq_prince_ribbit1
D:7:      layout_rooms, serial_shops, nicolae_shop_statue_plus,
          nicolae_zen_rock_garden, kennysheep_generic_room_13
D:8:      layout_cave_pools, serial_shops, nicolae_shop_bloodbath_and_beyond
D:9:      layout_cave_pools, kennysheep_slug_shrine,
          mainiacjoe_overflow_concentric_impassable, minmay_joined_circles,
          uniq_maurice
D:10:     minmay_the_grid_3x3 [minmay_the_grid_dragon_b,
          minmay_the_grid_tri_star, minmay_the_grid_gridbox,
          minmay_the_grid_mess, minmay_the_grid_plusring,
          minmay_the_grid_spikes, minmay_the_grid_broken_lines,
          minmay_the_grid_diamond_grid, minmay_the_grid_prize_shrinking_boxes],
          layout_rooms, erik_orc_1
D:11:     layout_layer_cave, lair_entry_dummy, evilmike_butchery, uniq_nergalle
D:12:     layout_basic, serial_shops, nicolae_shop_waterfront,
          kennysheep_little_box, minmay_hollow_rounded_squares
D:13:     layout_irregular_city, uniq_rupert, uniq_jorgrun
D:14:     layout_loops_ring, david_vaults_1, uniq_agnes
D:15:     grunt_enter_depths_hoard, layout_stronghold,
          minmay_misc_feat_secret_circle, uniq_kirke
Temple:   minmay_freezing_vapour_temple
Lair:1:   layout_regular_city, serial_bayou_pond_a, beast_lair_carwin_6,
          grunt_megastairs_3
Lair:2:   layout_concentric_octagons, spider_nest_entry_a,
          infiniplex_staircase_pool_2, lemuel_fruit_tree
Lair:3:   layout_cave_pods, bobbens_dragon_lair_wall, grunt_megastairs_5,
          uniq_snorg
Lair:4:   layout_layer_cave, swamp_mist
Lair:5:   layout_loops_ring, slime_altar_1, serial_bayou_ford_a,
          serial_bayou_pond_d, serial_bayou_shore_b, infiniplex_staircase_pool

Skill      XL: |  1  2  3  4  5  6  7  8  9 10 11 12 13 14 |
---------------+-------------------------------------------+-----
Conjurations   | 2 3 4 5 6 7 8 |  8.3
Spellcasting   | 5 6 7 8 9 10 | 10.8
Invocations    | 1 2 3 4 5 6 7 8 9 10 | 10.4
Fighting       | 1 2 3 4 5 6 7 8 9 |  9.5
Short Blades   | 1 2 3 4 5 6 7 8 9 |  9.5
Long Blades    | 1 2 3 4 5 6 7 8 9 |  9.5
Axes           | 1 2 3 4 5 6 7 8 9 |  9.5
Maces & Flails | 1 2 3 4 5 6 7 8 9 |  9.5
Polearms       | 1 2 3 4 5 6 7 8 9 |  9.5
Staves         | 1 2 3 4 5 6 7 8 9 |  9.5
Slings         | 1 2 3 4 5 6 7 8 9 |  9.5
Bows           | 1 2 3 4 5 6 7 8 9 |  9.5
Crossbows      | 1 2 3 4 5 6 7 8 9 |  9.5
Throwing       | 1 2 3 4 5 6 7 8 9 |  9.5
Armour         | 1 2 3 4 5 6 7 8 9 |  9.5
Shields        | 1 2 3 4 5 6 7 8 9 |  9.5
Unarmed Combat | 1 2 3 4 5 6 7 8 9 |  9.5
Evocations     | 1 2 3 4 5 6 7 8 9 |  9.5
Hexes          | 1 2 3 4 5 6 7 8 |  8.0
Summonings     | 1 2 3 4 5 6 7 8 |  8.0
Necromancy     | 1 2 3 4 5 6 7 8 |  8.0
Translocations | 1 2 3 4 5 6 7 8 |  8.0
Transmutations | 1 2 3 4 5 6 7 8 |  8.0
Fire Magic     | 1 2 3 4 5 6 7 8 |  8.0
Ice Magic      | 1 2 3 4 5 6 7 8 |  8.0
Earth Magic    | 1 2 3 4 5 6 7 8 |  8.0
Poison Magic   | 1 2 3 4 5 6 7 8 |  8.0
Dodging        | 5 6 7 8 9 10 | 10.6
Stealth        | 5 6 7 8 9 10 | 10.4
Air Magic      | 6 7 8 9 |  9.7

Action                   |  1- 3 |  4- 6 |  7- 9 | 10-12 | 13-15 || total
-------------------------+-------+-------+-------+-------+-------++-------
Melee: Unarmed           |     9 |       |       |       |       ||     9
       Punch             |     1 |       |       |     1 |     8 ||    10
       Staff             |       |       |     6 |       |       ||     6
       Bite              |       |       |     3 |     3 |    17 ||    23
       Mace              |       |       |    13 |    45 |       ||    58
       Hand axe          |       |       |       |     6 |   111 ||   117
 Cast: Shock             |    68 |   123 |   108 |   122 |   175 ||   596
       Frozen Ramparts   |       |       |    12 |    28 |    33 ||    73
       Airstrike         |       |       |    60 |   151 |   268 ||   479
       Hailstorm         |       |       |       |    11 |     4 ||    15
       Searing Ray       |       |       |       |     4 |       ||     4
       Static Discharge  |       |       |       |    19 |     8 ||    27
       Mephitic Cloud    |       |       |       |       |     2 ||     2
Evoke: Wand              |       |       |       |       |     4 ||     4
  Use: Scroll            |       |       |       |     8 |     7 ||    15
       Potion            |       |       |       |       |     1 ||     1
 Stab: Sleeping          |       |       |       |       |     1 ||     1
Armor: Robe              |     3 |     7 |    19 |    27 |    21 ||    77
Dodge: Dodged            |    15 |    33 |    66 |   228 |   156 ||   498
